 Dungeon Crawl Stone Soup version 0.28-a0-1555-g9ae15a6949 (webtiles) character file.

Game seed: 9761137766261257456

149 lunkers the Sneak (level 5, -3/35 HPs)
             Began as a Vampire Enchanter on Jan 19, 2022.
             Slain by an orc (8 damage)
             ... on level 3 of the Dungeon.
             The game lasted 00:04:26 (2481 turns).

lunkers the Sneak (Vampire Enchanter)               Turns: 2481, Time: 00:04:27

Health: -3/35      AC:  2    Str:  7    XL:     5   Next: 9%
Magic:  1/8        EV: 12    Int: 19    God:
Gold:   90         SH:  0    Dex: 15    Spells: 3/8 levels left

rFire   . . .      SeeInvis +   n - +1 dagger (venom)
rCold   . . .      Faith    .   (no shield)
rNeg    . . .      Spirit   .   b - +0 robe
rPois   .          Reflect  .   (no helmet)
rElec   .          Harm     .   (no cloak)
rCorr   .          Rampage  .   (no gloves)
Will    .....                   (no boots)
Stlth   +++.......              (no amulet)
HPRegen 0.31/turn               (no ring)
MPRegen 0.11/turn               (no ring)

@: healing quickly
A: alive, fangs 3, see invisible, vampiric 2
a: Exsanguinate


You were on level 3 of the Dungeon.
You visited 1 branch of the dungeon, and saw 3 of its levels.

You collected 90 gold pieces.

Inventory:

Hand Weapons
 a - a +1 dagger
 n - a +1 dagger of venom (weapon)
Armour
 b - a +0 robe (worn)
Jewellery
 p - a +6 ring of intelligence
Wands
 i - a wand of mindburst (7)
Scrolls
 e - 3 scrolls of noise {unknown}
 f - a scroll of blinking {unknown}
 m - 2 scrolls of identify
Potions
 c - a potion of invisibility
 d - a potion of mutation
 g - a potion of brilliance
 h - a potion of curing {unknown}
 j - a potion of heal wounds
 k - 2 potions of magic
 l - a potion of resistance
 o - a potion of flight {unknown}
 q - a potion of degeneration {unknown}
 r - a potion of haste {unknown}


   Skills:
 + Level 3.2 Short Blades
 - Level 2.1 Dodging
 + Level 6.2 Stealth
 - Level 2.0 Spellcasting
 + Level 6.0 Hexes


You had 3 spell levels left.
You knew the following spells:

 Your Spells              Type           Power      Damage    Failure   Level
b - Ensorcelled Hibernat  Hex/Ice        26%        N/A       8%          2
c - Confusing Touch       Hex            24%        N/A       4%          3

Your spell library contained the following spells:

 Spells                   Type           Power      Damage    Failure   Level
 Tukima's Dance           Hex            24%        N/A       4%          3
 Dazzling Flash           Conj/Hex       26%        N/A       14%         3
 Corpse Rot               Necr/Air       2%         N/A       26%         2
 Poisonous Vapours        Pois/Air       2%         N/A       26%         2
 Scorch                   Fire           2%         2d5       26%         2
 Conjure Flame            Conj/Fire      1%         6-21      45%         3
 Ignite Poison            Fire/Tmut/Pois 1%         N/A       45%         3
 Dispel Undead            Necr           1%         3d6       86%         4
 Flame Wave               Conj/Fire      1%         2d4       86%         4
 Sticky Flame             Conj/Fire      1%         2d3       86%         4
 Death Channel            Necr           0%         N/A       100%        6
 Summon Cactus Giant      Summ           0%         N/A       100%        6


Dungeon Overview and Level Annotations

Branches:
Dungeon (3/15)

Altars:


Innate Abilities, Weirdness & Mutations

Your natural rate of healing is accelerated.
You have razor-sharp teeth.
You have supernaturally acute eyesight. (SInv)
You are afflicted with vampirism and can become a bat while bloodless.


Message History

You barely miss the orc.
The orc is almost dead.
The orc wizard closely misses you. The orc closely misses you.
The orc hits you with a +0 flail.
* * * LOW HITPOINT WARNING * * *
Casting: Ensorcelled Hibernation (safe; 8% risk of failure)
Confirm with . or Enter, or press ? or * to list all spells.
Aiming: Ensorcelled Hibernation (safe; 8% risk of failure)
Press: ? - help, Shift-Dir - straight line, f - orc wizard
Aim: an orc wizard, wielding a +0 dagger and wearing a +0 robe (moderately wounded, very poisoned, chance to affect: 47%)
The orc wizard resists with some effort.
You kill the orc!
The orc wizard barely misses you. The orc hits you with a +0 flail!
* * * LOW HITPOINT WARNING * * *
Casting: Ensorcelled Hibernation (safe; 8% risk of failure)
Confirm with . or Enter, or press ? or * to list all spells.
Aiming: Ensorcelled Hibernation (safe; 8% risk of failure)
Press: ? - help, Shift-Dir - straight line, f/p - orc wizard
Aim: an orc wizard, wielding a +0 dagger and wearing a +0 robe (moderately wounded, very poisoned, chance to affect: 47%)
The orc wizard resists with some effort.
The orc wizard hits you with a +0 dagger.
* * * LOW HITPOINT WARNING * * *
The orc hits you with a +0 flail.
* * * LOW HITPOINT WARNING * * *
Casting: Ensorcelled Hibernation (safe; 8% risk of failure)
Confirm with . or Enter, or press ? or * to list all spells.
Aiming: Ensorcelled Hibernation (safe; 8% risk of failure)
Press: ? - help, Shift-Dir - straight line, f/p - orc wizard
Aim: an orc wizard, wielding a +0 dagger and wearing a +0 robe (moderately wounded, very poisoned, chance to affect: 47%)
The orc wizard looks drowsy...
* * * LOW MAGIC WARNING * * *
The orc misses you.
The helpless orc wizard fails to defend itself.
You impale the orc wizard!!
You kill the orc wizard!
Your Hexes skill increases to level 6!
You have reached level 5!
You feel agile. The orc hits you with a +0 flail!
You die...

#........# ........###....
#........# ########## #.#.#
#........# #.....# #...#
#........# #.....########.#
#........####...............
#.................##........
########.(........##........
#...[......''........
#...@......##........
#...o......##.....(..
#..........##........
#..........##........
#....)†....##........
#....).....# #..........#
#..........# #..........#


You could see an orc.

Vanquished Creatures
  An orc wizard (D:3)
  A gnoll (D:1)
  4 adders (D:3)
  3 worms
  3 dart slugs
  5 orcs
  4 ball pythons
  3 bats (D:1)
  8 endoplasms
  7 giant cockroaches
  A goblin (D:1)
  3 hobgoblins
  4 jackals
  2 quokkas
  2 frilled lizards
  5 rats
56 creatures vanquished.

Notes
Turn   | Place    | Note
-------+----------+-------------------------------------------
     0 | D:1      | lunkers the Vampire Enchanter began the quest for the Orb.
     0 | D:1      | Reached XP level 1. HP: 13/13 MP: 3/3
    13 | D:1      | Reached XP level 2. HP: 19/19 MP: 5/5
   142 | D:1      | You fall into a shaft and drop 1 floor!
   176 | D:2      | Reached skill level 5 in Stealth
   195 | D:2      | Learned a level 2 spell: Ensorcelled Hibernation
   318 | D:2      | Reached skill level 5 in Hexes
   387 | D:2      | Gained mutation: You are afflicted with vampirism and can
                  | become a bat while bloodless. [Vampire growth]
   387 | D:2      | Reached XP level 3. HP: 14/24 MP: 1/6
   391 | D:2      | Learned a level 3 spell: Confusing Touch
  1335 | D:1      | Found a faded altar of an unknown god.
  2043 | D:2      | Reached XP level 4. HP: 20/30 MP: 2/7
  2478 | D:3      | Reached XP level 5. HP: 4/35 MP: 1/8
  2481 | D:3      | Slain by an orc

Illustrated notes

Levels and vault maps discovered:
D:1:      dpeg_arrival_chambers_temple_mockup, layout_loops_ring,
          nicolae_ecumenical_lake_church, grunt_decor_cap, minmay_pentomino_z4
D:2:      layout_loops_ring
D:3:      layout_basic, zin_statuary

Skill      XL: |  1  2  3  4 |
---------------+-------------+-----
Stealth        | 5 6 |  6.2
Short Blades   | 2 3 |  3.2
Hexes          | 5 6 |  6.0
Dodging        | |  2.1
Spellcasting   | |  2.0

Action                   |  1- 3 |  4- 6 || total
-------------------------+-------+-------++-------
Melee: Dagger            |   114 |    44 ||   158
       Bite              |     9 |     7 ||    16
 Cast: Ensorcelled Hiber |    14 |     6 ||    20
  Use: Scroll            |     5 |       ||     5
 Stab: Sleeping          |    24 |     8 ||    32
       Distracted        |     1 |       ||     1
Armor: Robe              |    13 |     5 ||    18
Dodge: Dodged            |    60 |    24 ||    84

Table legend: (Time is in decaauts)
 A = Elapsed time spent in this place.
 B = Non-inter-level travel time spent in this place.
 C = Inter-level travel time spent in this place.
 D = Time resting spent in this place.
 E = Time spent auto-exploring this place.
 F = Levels seen in this place.
 G = Mean time per level.
                   A        B        C        D        E       F      G
               +--------+--------+--------+--------+--------+-----+--------+
         Total |   2465 |   2399 |     66 |     47 |   1855 |   3 |  821.7 |
       Dungeon |   2465 |   2399 |     66 |     47 |   1855 |   3 |  821.7 |
               +--------+--------+--------+--------+--------+-----+--------+

Top non-repeatable levels by time:
     D:1: 1063 daAuts
     D:2: 929 daAuts
     D:3: 472 daAuts
